 Dungeon Crawl Stone Soup version 0.32-a0-818-gb728d0252e (webtiles) character file.

Game seed: 9423265676988499921

19721 Alarak the Spear-Bearer (level 12, -1/100 HPs)
             Began as a Merfolk Gladiator on Mar 21, 2024.
             Was a High Priest of Qazlal.
             Slain by an ice devil (9 damage)
             ... in an ice cave on Mar 25, 2024.
             The game lasted 00:53:56 (11937 turns).

Alarak the Spear-Bearer (Merfolk Gladiator)        Turns: 11937, Time: 00:53:56

Health: -1/100     AC:  3    Str: 19    XL:     12   Next: 72%
Magic:  10/19      EV: 18    Int: 14    God:    Qazlal [*****.]
Gold:   711        SH: 12    Dex: 15    Spells: 11/11 levels left

rFire   . . .        H - +3 trident
rCold   + . .        D - +0 buckler
rNeg    + . .        L - +1 steam dragon scales
rPois   .            z - +1 helmet of Ucrius {*Corrode rN+ Will+ Slay+3}
rElec   .            n - +0 cloak
rCorr   .            M - +0 pair of gloves
SInv    .            (no boots)
Will    +....        G - amulet of regeneration
Stlth   +            K - +6 ring of intelligence
HPRegen 1.16/turn    h - ring of flight
MPRegen 0.16/turn

%: corrode self (3%), repel missiles
@: protected from cold, corroded, flying, studying Polearms
A: (nimble swimmer 2), mertail
a: Renounce Religion, Upheaval, Elemental Force, Disaster Area


You were in an ice cave.
You worshipped Qazlal.
Qazlal was extremely pleased with you.
You visited 1 branch of the dungeon, and saw 12 of its levels.
You also visited: Sewer and Ice Cave.

You collected 711 gold pieces.

Inventory:

Hand Weapons
 a - a +0 trident
 d - a +2 trident of venom
 m - a +6 mace of venom
 r - a +1 halberd of venom
 H - a +3 trident (weapon)
Missiles
 i - 3 throwing nets
 j - a javelin
 x - 20 poisoned darts (quivered)
 y - 94 stones
Armour
 c - a +1 helmet
 n - a +0 cloak (worn)
 z - the +1 helmet of Ucrius (worn) {*Corrode rN+ Will+ Slay+3}
   (You found it on level 11 of the Dungeon)

   Slay+3:    It affects your accuracy & damage with ranged weapons and melee
   (+3).
   rN+:       It protects you from negative energy.
   Will+:     It increases your willpower.
   *Corrode:  It may corrode you when you take damage.
 D - a +0 buckler (worn)
 J - a +1 hat
 L - +1 steam dragon scales (worn)
 M - a +0 pair of gloves (worn)
Jewellery
 h - a ring of flight (right hand)
 w - an amulet of the acrobat
 F - a ring of ice
 G - an amulet of regeneration (around neck)
 K - a +6 ring of intelligence (left hand)
 N - a ring of protection from fire
Wands
 s - a wand of charming (11)
 O - a wand of acid (5)
Scrolls
 b - 2 scrolls of identify
 e - 2 scrolls of fear {unknown}
 f - 3 scrolls of amnesia
 p - a scroll of fog
 E - 2 scrolls of enchant armour
 I - 6 scrolls of teleportation
Potions
 g - 3 potions of might
 l - 2 potions of brilliance
 o - a potion of degeneration
 q - 2 potions of resistance
 t - 2 potions of mutation
 u - a potion of magic {unknown}
 v - a potion of ambrosia {unknown}
 A - a potion of berserk rage {unknown}
 B - 2 potions of curing
Miscellaneous
 C - a condenser vane (inert)


   Skills:
 - Level 11.1 Fighting
 - Level 14.1 Polearms
 - Level 2.0 Throwing
 - Level 3.0 Armour
 - Level 13.2 Dodging
 - Level 8.3 Shields
 + Level 9.3 Invocations


You had 11 spell levels left.
You didn't know any spells.
Your spell library contained the following spells:

 Spells                   Type           Power      Damage    Failure   Level
 Foxfire                  Conj/Fire      0%         2x1d4     34%         1
 Freeze                   Ice            0%         1d3       34%         1
 Gell's Gravitas          Tloc           0%         N/A       71%         3
 Teleport Other           Tloc           0%         N/A       71%         3
 Tukima's Dance           Hex            0%         N/A       71%         3
 Passage of Golubria      Tloc           0%         N/A       98%         4
 Alistair's Intoxication  Alch           0%         N/A       100%        5
 Borgnjor's Vile Clutch   Necr/Erth      0%         N/A       100%        5
 Yara's Violent Unravell  Hex/Alch       0%         3d3       100%        5
 Dispersal                Tloc           0%         N/A       100%        6
 Eringya's Noxious Bog    Alch           0%         4d6       100%        6


Dungeon Overview and Level Annotations

Branches:
Dungeon (12/15)            Temple (0/1) D:7            Lair (0/5) D:8
    Orc (0/2) D:12          Sewer (visited)           IceCv (1/1)

Altars:
Elyvilon
Fedhas
Gozag
Hepliaklqana
Kikubaaqudgha
Okawaru
Qazlal
Ru
Sif Muna
Trog
Uskayaw
The Shining One
Beogh

Shops:
D:8 (   D:11 [

Annotations:
D:5 1 runed translucent door, Nebesus's ghost, novice MfSh
D:8 3 runed translucent doors, Nico3ck's ghost, novice DsFi
D:10 1 runed translucent door, bmj180's ghost, journeyman HuCj


Innate Abilities, Weirdness & Mutations

((You are very nimble when in or above water. (Stealth+, EV+, Speed+++)))
Your lower body shifts to a powerful aquatic tail in water.


Message History

The ice devil hits you but does no damage.
You closely miss the ice devil. You hit the ice devil but do no damage.
The ice devil completely misses you.
You closely miss the ice devil. You block the ice devil's attack.
You closely miss the ice devil. You closely miss the ice devil.
The ice devil hits you. The ice devil freezes you. You resist.
You feel more protected from cold.
You closely miss the ice devil. You hit the ice devil but do no damage.
The ice devil closely misses you.
You hit the ice devil.
The ice devil is lightly wounded.
You block the ice devil's attack.
You hit the ice devil but do no damage.
The ice devil is lightly wounded.
You hit the ice devil.
The ice devil is lightly wounded.
The ice devil hits you! The ice devil freezes you! You resist.
* * * LOW HITPOINT WARNING * * *
You closely miss the ice devil.
The ice devil is lightly wounded.
Aiming: Upheaval
Press: ? - help, Dir - move target A storm cloud blasts the area with cutting wind!
You block the ice devil's attack.
Aiming: Upheaval
Press: ? - help, Dir - move target A blizzard blasts the area with ice!
The blast of ice hits the ice devil!
The ice devil partially resists.
The ice devil is moderately wounded.
The ice devil is flash-frozen.
The ice devil hits you!
* * * LOW HITPOINT WARNING * * *
The ice devil freezes you. You resist.
* * * LOW HITPOINT WARNING * * *
Okay, then.
Aiming: Upheaval
Press: ? - help, Dir - move target The ground shakes violently, spewing rubble!
The ice devil hits you!
You die...

#.......##§.#
##
##.....##○.##
##....###..###
##..## ##.§.##
##...# #.....#
#...##
#......# ##☼.#
#.......#
#..##
#..##...# #☼@#
... ..## #.4#
#..# #.# ..§.#
#.# .# ##...#
.. .. ##..#
#.## .. ..


You could see an ice devil (frozen).

Vanquished Creatures
  Gastronok (D:9)
  A boulder beetle (D:11)
  3 two-headed ogres
  A deep elf pyromancer (D:12)
  An ice statue (IceCv)
  2 centaur zombies (D:8)
  2 centaur skeletons (D:8)
  2 gargoyles
  A kobold demonologist (D:9)
  A redback zombie (D:8)
  An unseen horror (D:10)
  Maggie (D:9)
  4 ice devils (IceCv)
  A hellwing (D:8)
  4 trolls
  2 vampires (D:11)
  2 shadows
  12 yaks
  3 wraiths
  A steam dragon (D:7)
  2 wyverns
  4 death yak simulacra
  A hydra simulacrum (IceCv)
  A water moccasin (D:7)
  A sky beast (D:8)
  7 orc warriors
  3 black bears (D:6)
  2 ice beasts
  10 centaurs
  2 wolves (D:8)
  A kobold brigand (D:10)
  6 bullfrogs
  A gnoll sergeant (D:8)
  A scorpion (D:6)
  3 two-headed ogre simulacra
  9 wights
  4 killer bees
  2 elephant simulacra (D:12)
  4 howler monkeys
  13 orc priests
  4 bombardier beetles
  3 hounds (D:5)
  4 jellies
  3 gnoll boudas
  Jessica (D:2)
  Terence (D:2)
  6 iguanas
  12 orc wizards
  2 spriggan simulacra (IceCv)
  A polar bear simulacrum (IceCv)
  7 troll simulacra
  A wolf simulacrum (IceCv)
  14 gnolls
  2 river rats (Sewer)
  12 adders
  3 naga simulacra
  3 shadow imps (D:8)
  3 white imps
  An ufetubus (IceCv)
  5 dart slugs
  52 orcs
  7 bats
  5 endoplasms
  3 giant cockroaches
  4 goblins
  5 hobgoblins
  4 jackals (D:1)
  3 quokkas
  17 ball pythons
  4 frilled lizards
  12 kobolds
  20 rats
347 creatures vanquished.

Vanquished Creatures (collateral kills)
  A reaper (IceCv)
  An ice statue (IceCv)
2 creatures vanquished.

Grand Total: 349 creatures vanquished

Notes
Turn   | Place    | Note
-------+----------+-------------------------------------------
     0 | D:1      | Alarak the Merfolk Gladiator began the quest for the Orb.
     0 | D:1      | Reached XP level 1. HP: 16/16 MP: 1/1
   122 | D:1      | Reached XP level 2. HP: 12/22 MP: 2/2
   275 | D:1      | Reached skill level 5 in Polearms
   383 | D:1      | Found a faded altar of an unknown god.
   404 | D:1      | Prayed at the altar of an unknown god.
   404 | D:1      | Became a worshipper of Qazlal Stormbringer
   404 | D:1      | Reached * piety under Qazlal
   602 | D:1      | Reached XP level 3. HP: 27/27 MP: 3/3
  1207 | D:2      | Noticed Jessica
  1211 | D:2      | Killed Jessica
  1212 | D:2      | Reached skill level 6 in Polearms
  1212 | D:2      | Reached XP level 4. HP: 33/33 MP: 4/4
  1227 | D:2      | Upgraded the game from 0.32-a0-791-gfc315c9ecd to
                  | 0.32-a0-818-gb728d0252e
  1247 | D:2      | Noticed Terence
  1263 | D:2      | HP: 1/33 [poisoned by Terence]
  1712 | D:2      | Killed Terence
  1837 | D:3      | Reached skill level 7 in Polearms
  1981 | D:3      | Reached XP level 5. HP: 38/38 MP: 5/5
  2036 | D:3      | Reached ** piety under Qazlal
  2724 | D:4      | Found a glowing golden altar of the Shining One.
  2846 | D:4      | Found a glowing drain.
  2868 | Sewer    | Entered a sewer
  2896 | Sewer    | Reached skill level 8 in Polearms
  3058 | Sewer    | Reached XP level 6. HP: 44/44 MP: 6/6
  3062 | Sewer    | Reached *** piety under Qazlal
  3159 | Sewer    | Reached skill level 9 in Polearms
  3286 | D:4      | Found a blossoming altar of Fedhas.
  3637 | D:4      | Reached skill level 10 in Polearms
  3946 | D:5      | Entered Level 5 of the Dungeon
  3950 | D:5      | Identified a scroll of acquirement
  3950 | D:5      | Acquired a manual of Polearms
  4006 | D:5      | Found a shimmering blue altar of Sif Muna.
  4011 | D:5      | Reached XP level 7. HP: 51/51 MP: 7/7
  4139 | D:5      | Got Sif Muna's Encyclopedia of the Torrid Icicle
  4144 | D:5      | Found a bloodstained altar of Trog.
  4251 | D:5      | Reached skill level 5 in Fighting
  4417 | D:5      | Reached skill level 1 in Invocations
  4542 | D:5      | Reached XP level 8. HP: 62/62 MP: 8/10
  4604 | D:5      | Noticed a shadow
  4614 | D:5      | Killed a shadow
  4799 | D:5      | Reached skill level 5 in Invocations
  4881 | D:5      | Found a runed translucent door.
  4881 | D:5      | Noticed Nebesus's ghost (novice MfSh)
  5569 | D:6      | Reached **** piety under Qazlal
  5728 | D:6      | Reached skill level 11 in Polearms
  5783 | D:6      | Reached skill level 12 in Polearms
  6217 | D:6      | Reached skill level 13 in Polearms
  6217 | D:6      | Reached XP level 9. HP: 57/68 MP: 13/13
  6392 | D:7      | You fall into a shaft and drop 2 floors!
  6413 | D:9      | Reached skill level 14 in Polearms
  6417 | D:9      | Found a white marble altar of Elyvilon.
  6433 | D:9      | Found a hide-covered altar of Uskayaw.
  6473 | D:8      | Reached skill level 5 in Dodging
  6477 | D:8      | Noticed a hellwing
  6501 | D:8      | Killed a hellwing
  6732 | D:7      | Reached skill level 1 in Armour
  6825 | D:7      | Found a staircase to the Ecumenical Temple.
  6887 | D:7      | Reached XP level 10. HP: 68/74 MP: 14/14
  6903 | D:7      | Reached skill level 1 in Shields
  7312 | D:7      | Found a stormy altar of Qazlal.
  7546 | D:8      | Found a staircase to the Lair.
  7618 | D:8      | Reached skill level 5 in Shields
  7986 | D:8      | Found Hupoq's Antique Weapon Shop.
  8115 | D:8      | Noticed a two-headed ogre
  8135 | D:8      | Killed a two-headed ogre
  8236 | D:8      | Found a sacrificial altar of Ru.
  8623 | D:8      | Found a runed translucent gate.
  8623 | D:8      | Found a runed translucent gate.
  8629 | D:8      | Found a runed translucent gate.
  8633 | D:8      | Noticed Nico3ck's ghost (novice DsFi)
  8659 | D:8      | Found an iron altar of Okawaru.
  8686 | D:8      | Found a roughly hewn altar of Beogh.
  8770 | D:9      | Reached XP level 11. HP: 81/81 MP: 15/15
  8879 | D:9      | Reached ***** piety under Qazlal
  8898 | D:9      | Noticed Gastronok
  8937 | D:9      | Killed Gastronok
  9086 | D:9      | Noticed Maggie
  9095 | D:9      | Killed Maggie
  9217 | D:9      | Found an opulent altar of Gozag.
  9633 | D:10     | Entered Level 10 of the Dungeon
  9636 | D:10     | Found an ancient bone altar of Kikubaaqudgha.
  9685 | D:10     | Noticed a two-headed ogre
  9691 | D:9      | Reached skill level 10 in Fighting
  9747 | D:10     | Killed a two-headed ogre
  9937 | D:10     | Noticed bmj180's ghost (journeyman HuCj)
  9940 | D:10     | Found a runed translucent door.
 10281 | D:10     | Found a hazy altar of Hepliaklqana.
 10789 | D:11     | Reached XP level 12. HP: 69/100 MP: 18/18
 10876 | D:11     | Noticed a two-headed ogre
 10887 | D:11     | Reached skill level 10 in Dodging
 10892 | D:11     | Killed a two-headed ogre
 10901 | D:11     | Identified the +1 helmet of Ucrius {*Corrode rN+ Will+
                  | Slay+3}
 11105 | D:11     | Found Pazucs's Antique Armour Boutique.
 11269 | D:12     | Noticed a boulder beetle
 11283 | D:11     | Killed a boulder beetle
 11439 | D:12     | Found a frozen archway.
 11496 | IceCv    | Entered an ice cave
 11733 | IceCv    | Noticed a reaper
 11759 | IceCv    | Killed a reaper
 11937 | IceCv    | Slain by an ice devil

Illustrated notes

Levels and vault maps discovered:
D:1:      mushboom_english_gardens, layout_basic,
          nicolae_ecumenical_snake_handling, chequers_serial_rivers_marsh
D:2:      layout_loops_ring, wad_orctagon, uniq_terence, uniq_jessica
D:3:      layout_basic
D:4:      layout_loops_cross, overflow_temple_1_default, tso_metal_star,
          portal_sewer_entry_c
D:5:      layout_gridville, nzn_overflow_gifts_of_might_and_magic,
          gammafunk_ghost_grave, wad_rectangle_vault
D:6:      layout_basic
D:7:      layout_rooms, mainiacjoe_overflow_surrounded_room,
          minmay_temple_entry_poolview, grunt_decor_resistance, st_stairs_6
D:8:      cheibrodos_grave_circle, layout_loops_ring, okawaru_altar_gauntlet_db,
          mainiacjoe_overflow_cross_hatched, erik_lair_orcish_takeover,
          serial_shops, nicolae_shop_crystal, biasface_ghost_orc_armoury,
          palyth_stone_intersect, chequers_arboretum, nicolae_nh_ransacked_shop
D:9:      layout_rooms, mainiacjoe_overflow_concentric_impassable,
          elyvilon_altar_3, nicolae_uskayaw_suspiria, st_stairs_12, uniq_maggie,
          uniq_gastronok
D:10:     layout_loops_cross, kiku_gazebo_garden_becter, lemuel_round_altar,
          hellmonk_ghost_happy_afterlife, grunt_ministairs_14, bh_walls_and_bars
D:11:     layout_cave_pools, serial_shops, nicolae_shop_dealshenge,
          kennysheep_generic_room_12
D:12:     layout_roguey, david_orc_2, portal_ice_cave_entry_ice_simulacra
IceCv:    ice_cave_small_demon

Skill      XL: |  1  2  3  4  5  6  7  8  9 10 11 12 |
---------------+-------------------------------------+-----
Polearms       | 5 6 7 8 10 13 14 | 14.1
Fighting       | 5 6 11 | 11.1
Invocations    | 3 6 8 9 |  9.3
Dodging        | 8 13 | 13.2
Armour         | 3 |  3.0
Shields        | 8 |  8.3
Throwing       | |  2.0

Action                     |  1- 3 |  4- 6 |  7- 9 | 10-12 || total
---------------------------+-------+-------+-------+-------++-------
  Melee: Trident           |    67 |   180 |   279 |   831 ||  1357
         Tailslap          |       |     1 |       |       ||     1
  Throw: Throwing net      |       |     3 |       |       ||     3
         Javelin           |       |     1 |       |       ||     1
         Dart              |       |       |     2 |       ||     2
 Invoke: Upheaval          |       |       |     3 |     7 ||    10
         Elemental Force   |       |       |       |     3 ||     3
  Evoke: Condenser vane    |       |       |       |     1 ||     1
    Use: Scroll            |     4 |     8 |     4 |     4 ||    20
         Potion            |       |     1 |     3 |     5 ||     9
   Stab: Sleeping          |     1 |       |       |       ||     1
         Held in net/web   |       |     1 |       |       ||     1
         Distracted        |       |       |       |     1 ||     1
 Armour: Leather armour    |    27 |     7 |       |       ||    34
         Ring mail         |       |    54 |   101 |    63 ||   218
         Steam dragon scal |       |       |       |   138 ||   138
  Dodge: Dodged            |    60 |    79 |    93 |   270 ||   502
         Repelled          |       |       |     1 |    30 ||    31
  Block: Other             |       |    20 |    14 |       ||    34
         Buckler           |       |       |    30 |   334 ||   364

Table legend: (Time is in decaauts)
 A = Elapsed time spent in this place.
 B = Non-inter-level travel time spent in this place.
 C = Inter-level travel time spent in this place.
 D = Time resting spent in this place.
 E = Time spent auto-exploring this place.
 F = Levels seen in this place.
 G = Mean time per level.
                   A        B        C        D        E       F      G
               +--------+--------+--------+--------+--------+-----+--------+
         Total |  11501 |  10548 |    953 |   1135 |   7355 |  14 |  821.5 |
       Dungeon |  10803 |   9850 |    953 |   1049 |   7070 |  12 |  900.2 |
         Sewer |    327 |    327 |      0 |      0 |    210 |   1 |  327.0 |
      Ice Cave |    370 |    370 |      0 |     86 |     75 |   1 |  370.0 |
               +--------+--------+--------+--------+--------+-----+--------+

Top non-repeatable levels by time:
     D:8: 1735 daAuts
     D:5: 1161 daAuts
     D:6: 1115 daAuts
     D:1: 1082 daAuts
     D:4: 1023 daAuts
    D:10: 1015 daAuts
     D:3: 833 daAuts
     D:7: 750 daAuts
     D:2: 740 daAuts
     D:9: 661 daAuts
    D:11: 536 daAuts
   IceCv: 370 daAuts
   Sewer: 327 daAuts
    D:12: 146 daAuts
